 Dungeon Crawl Stone Soup version 0.24.0-13-gcf9b3192b9 (webtiles) character file.

Game seed: 9810814720351679076, levelgen mode: deterministic

69 Arum the Slasher (level 4, -1/39 HPs)
             Began as a Minotaur Gladiator on Nov 5, 2019.
             Succumbed to Sigmund's poison
             ... on level 2 of the Dungeon.
             The game lasted 00:01:58 (1185 turns).

Arum the Slasher (Minotaur Gladiator)               Turns: 1185, Time: 00:01:59

Health: -1/39      AC:  5    Str: 23    XL:     4   Next: 2%
Magic:  3/3        EV: 12    Int:  5    God:
Gold:   37         SH:  0    Dex: 12    Spells: 3/3 levels left

rFire    . . .     SeeInvis .   a - +1 long sword
rCold    . . .     Gourm    .   (no shield)
rNeg     . . .     Faith    .   k - +0 ring mail
rPois    .         Spirit   .   c - +0 hat
rElec    .         Reflect  .   (no cloak)
rCorr    .         Harm     .   (no gloves)
MR       .....                  (no boots)
Stlth    +.........             (no amulet)
HPRegen  0.13/turn              h - +4 ring of strength
MPRegen  0.08/turn              (no ring)

@: lethally poisoned (-1 -> -19)
A: retaliatory headbutt, horns 2
a: no special abilities


You were on level 2 of the Dungeon.
You were not hungry.

You visited 1 branch of the dungeon, and saw 2 of its levels.

You collected 37 gold pieces.

Inventory:

Hand Weapons
 a - a +1 long sword (weapon)
Missiles
 b - 8 javelins
 d - 3 throwing nets (quivered)
Armour
 c - a +0 hat (worn)
 k - a +0 ring mail (worn)
Jewellery
 h - a +4 ring of strength (left hand)
Scrolls
 e - a scroll of magic mapping {unknown}
 i - a scroll of identify {unknown}
Comestibles
 f - 3 rations


   Skills:
 + Level 3.6 Fighting
 + Level 4.5 Long Blades
 - Level 2.0 Throwing
 + Level 4.1 Dodging


You had 3 spell levels left.
You didn't know any spells.
Your spell library was empty.

Dungeon Overview and Level Annotations

Branches:
Dungeon (2/15)

Altars:

Annotations:
D:2 Sigmund


Innate Abilities, Weirdness & Mutations

You reflexively headbutt those who attack you in melee.
You have a pair of horns on your head.


Message History

You aren't carrying any potions.
You closely miss Sigmund.
Sigmund is severely wounded.
* * * LOW HITPOINT WARNING * * *
You feel sick. Sigmund barely misses you.
You riposte.
You closely miss Sigmund.
Sigmund is severely wounded.
The hobgoblin hits you but does no damage.
You closely miss Sigmund.
Sigmund is severely wounded.
* * * LOW HITPOINT WARNING * * *
You feel sick.
Sigmund laughs darkly.
Sigmund misses you. The hobgoblin hits you with a +0 club.
* * * LOW HITPOINT WARNING * * *
Unknown command.
As you read the scroll labeled BEFFI BOUT ECVEU, it crumbles to dust.
It is a scroll of enchant weapon.
Your +0 long sword glows red for a moment.
You die...

#.###.# # ..# #......
#.##### ... ##.....
#.#...# .. ##.....
#.....#.. ............ #
#.....#. ............#
..#...... ............#
......g@#####..........#
.......@...##...........
####.......##.........##
#....†..##...........
#.......##.....†.....
#...#†..##.......####
#.......##.#####.# #
#.......##.# #.# #
#.......##.# #.# #
#.......##.# #.#


You could see Sigmund and a hobgoblin.

Vanquished Creatures
  2 adders (D:2)
  An ooze (D:1)
  2 worms (D:2)
  A dart slug (D:1)
  2 leopard geckos
  3 giant cockroaches
  5 goblins
  2 hobgoblins
  7 bats
  5 frilled lizards
  3 kobolds
  7 rats
40 creatures vanquished.

Notes
Turn   | Place    | Note
-------+----------+-------------------------------------------
     0 | D:1      | Arum the Minotaur Gladiator began the quest for the Orb.
     0 | D:1      | Reached XP level 1. HP: 18/18 MP: 0/0
   127 | D:1      | Reached XP level 2. HP: 25/25 MP: 1/1
   647 | D:2      | Reached XP level 3. HP: 27/31 MP: 2/2
   742 | D:2      | Found a faded altar of an unknown god.
  1139 | D:2      | Reached XP level 4. HP: 39/39 MP: 3/3
  1176 | D:2      | Noticed Sigmund
  1184 | D:2      | HP: 1/39 [hobgoblin/+0 club (6)]
  1185 | D:2      | Succumbed to Sigmund's poison

Levels and vault maps discovered:
D:1:      scummos_arrival_simple_crosswalls, layout_loops_ring,
          minmay_stone_trees_medium, grunt_decor_one_mirror
D:2:      layout_basic, chequers_ecumenical_altar_island, uniq_sigmund

Skill      XL: |  1  2  3 |
---------------+----------+-----
Long Blades    | 4 |  4.5
Fighting       | 3 |  3.6
Dodging        | 4 |  4.1
Throwing       | |  2.0

Action                   |  1- 3 |  4- 6 || total
-------------------------+-------+-------++-------
Melee: Long sword        |    62 |     8 ||    70
       Headbutt          |     7 |     1 ||     8
  Use: Scroll            |       |     1 ||     1
  Eat: Chunk             |     1 |       ||     1
Armor: Leather armour    |     9 |       ||     9
       Ring mail         |     2 |     1 ||     3
Dodge: Dodged            |    47 |     5 ||    52
       Rpst.: Long sword |    11 |     1 ||    12
